 Dungeon Crawl Stone Soup version 0.23.2 (webtiles) character file.

Game seed: 8883894661872324387

59 Borgoz the Cutter (level 4, 0/27 HPs)
             Began as a Kobold Gladiator on Apr 10, 2019.
             Slain by a gnoll
             ... wielding a +0 spear
              (7 damage)
             ... on level 2 of the Dungeon.
             The game lasted 00:04:10 (1019 turns).

Borgoz the Cutter (Kobold Gladiator)                Turns: 1019, Time: 00:04:11

Health: 0/27       AC:  4    Str: 11    XL:     4   Next: 22%
Magic:  4/4        EV: 16    Int:  9    God:
Gold:   63         SH:  0    Dex: 17    Spells: 3/3 levels left

rFire    . . .     SeeInvis .   a - +0 rapier
rCold    . . .     Gourm    .   (shield restricted)
rNeg     . . .     Faith    .   b - +0 leather armour
rPois    .         Spirit   .   c - +0 helmet
rElec    .         Reflect  .   (no cloak)
rCorr    .         Harm     .   (no gloves)
MR       .....                  (no boots)
Stlth    ++........             (no amulet)
HPRegen  0.09/turn              (no ring)
MPRegen  0.09/turn              (no ring)

@: no status effects
A: small, carnivore
a: no special abilities


You were on level 2 of the Dungeon.
You were completely stuffed.

You visited 1 branch of the dungeon, and saw 2 of its levels.

You collected 63 gold pieces.

Inventory:

Hand Weapons
 a - a +0 rapier (weapon)
Missiles
 d - 2 throwing nets (quivered)
Armour
 b - a +0 leather armour (worn)
 c - a +0 helmet (worn)
Scrolls
 h - 2 scrolls of identify {unknown}
 i - a scroll of enchant weapon {unknown}
 j - 2 scrolls of teleportation {unknown}
 k - a scroll of remove curse {unknown}
Comestibles
 f - 2 rations


   Skills:
 + Level 2.6 Fighting
 + Level 4.5 Short Blades
 - Level 2.1 Throwing
 * Level 1.4 Armour
 + Level 4.0 Dodging
 + Level 1.8 Stealth


You had 3 spell levels left.
You didn't know any spells.
Your spell library was empty.

Dungeon Overview and Level Annotations

Branches:
Dungeon (2/15)

Altars:

Annotations:
D:2 Sigmund


Innate Abilities, Weirdness & Mutations

You are small and have problems with some larger weapons.
You are carnivorous and can eat meat at any time.


Message History

You throw a throwing net. The throwing net hits Sigmund.
Sigmund is caught in the net!
Sigmund is lightly wounded.
The gnoll closely misses you.
Sigmund struggles against the net.
You hit Sigmund but do no damage.
Sigmund is lightly wounded.
The gnoll hits you from afar with a +0 spear!
* * * LOW HITPOINT WARNING * * *
The gnoll misses you.
Sigmund struggles against the net.
You hit Sigmund.
Sigmund is moderately wounded.
The gnoll closely misses you.
The gnoll hits you from afar with a +0 spear.
* * * LOW HITPOINT WARNING * * *
Sigmund struggles against the net.
You strike the helpless Sigmund from behind!
You puncture Sigmund!
Sigmund is severely wounded.
The gnoll hits you from afar with a +0 spear!
You die... ..# ## #.# .. #.# #. ###.... .#.#. .... .gg

....... #@# .........
#@# ......... ##.#
#........#
##..###.........###
#....#...(.........
#.##.............##
#$. #.#.†..........#
.......#.......<..#.#
#.#.#####.>........#.#
#.#. #.........##.#


You could see Sigmund (caught) and 2 gnolls.

Vanquished Creatures
  An adder (D:2)
  3 oozes (D:1)
  A dart slug (D:1)
  A leopard gecko (D:1)
  A giant cockroach (D:1)
  8 goblins (D:1)
  6 hobgoblins (D:1)
  2 bats
  2 frilled lizards (D:1)
  3 kobolds (D:1)
  5 rats
33 creatures vanquished.

Notes
Turn   | Place    | Note
-------+----------+-------------------------------------------
     0 | D:1      | Borgoz the Kobold Gladiator began the quest for the Orb.
     0 | D:1      | Reached XP level 1. HP: 12/12 MP: 1/1
    47 | D:1      | Reached XP level 2. HP: 17/17 MP: 2/2
   237 | D:1      | Reached skill level 1 in Stealth
   296 | D:1      | Reached skill level 1 in Armour
   296 | D:1      | Reached XP level 3. HP: 22/22 MP: 3/3
   957 | D:2      | Reached XP level 4. HP: 27/27 MP: 4/4
   977 | D:2      | Noticed Sigmund
  1019 | D:2      | Slain by a gnoll

Skill      XL: |  1  2  3  4 |
---------------+-------------+-----
Stealth        | 1 |  1.8
Armour         | 1 |  1.4
Dodging        | 4 |  4.0
Fighting       | |  2.6
Short Blades   | |  4.5
Throwing       | |  2.1

Action                   |  1- 3 |  4- 6 || total
-------------------------+-------+-------++-------
Melee: Rapier            |    97 |    14 ||   111
Throw: Throwing net      |       |     1 ||     1
  Use: Potion            |       |     2 ||     2
 Stab: Sleeping          |     1 |       ||     1
       Held in net/web   |       |     1 ||     1
  Eat: Chunk             |     9 |       ||     9
Armor: Leather armour    |    33 |     2 ||    35
       Skin              |       |    10 ||    10
Dodge: Dodged            |    75 |    18 ||    93
